 Dungeon Sprint DCSS version 0.28.0-43-g3370ac3207 (webtiles) character file.

Game seed: 10042458235574176052

266 boopmooplesden the Cleaver (level 6, -1/66 HPs)
             Began as a Minotaur Berserker on Mar 11, 2022.
             Was a Believer of Trog.
             Slain by a neqoxec (2 damage)
             ... in the Dungeon (Sprint II: "The Violet Keep of Menkaure").
             The game lasted 00:00:13 (27 turns).

boopmooplesden the Cleaver (Minotaur Berserker)       Turns: 27, Time: 00:00:13

Health: -1/66      AC:  2    Str: 23    XL:     6   Next: 0%
Magic:  5/5        EV: 13    Int:  4    God:    Trog [**....]
Gold:   0          SH:  0    Dex: 10    Spells: 5/5 levels left

rFire   . . .      SeeInvis .   a - +0 hand axe
rCold   . . .      Faith    .   (no shield)
rNeg    . . .      Spirit   .   b - +0 animal skin
rPois   .          Reflect  .   (helmet restricted)
rElec   .          Harm     .   (no cloak)
rCorr   .          Rampage  .   (no gloves)
Will    .....      Rage     1%  (no boots)
Stlth   +......... NoTele   +   (no amulet)
HPRegen 0.21/turn               (no ring)
MPRegen 0.09/turn               (no ring)

@: on berserk cooldown, slowed, very slow
A: horns 2, retaliatory headbutt, berserk 1, screaming 1
a: Renounce Religion, Berserk, Trog's Hand


You were in the Dungeon.
You worshipped Trog.
Trog was pleased with you.
You visited 1 branch

Inventory:

Hand Weapons
 a - a +0 hand axe (weapon)
Armour
 b - a +0 animal skin (worn)
Scrolls
 h - a scroll of blinking
Potions
 c - a potion of curing
 d - a potion of heal wounds
 e - a potion of haste
 f - 2 potions of magic
 g - a potion of berserk rage


   Skills:
 + Level 10.1 Fighting
 + Level 10.1 Axes
 + Level 4.9 Armour
 + Level 4.9 Dodging


You had 5 spell levels left.
You didn't know any spells.
Your spell library was empty.

Dungeon Overview and Level Annotations

Branches:
Dungeon (1/1)

Altars:

Annotations:
D Menkaure


Innate Abilities, Weirdness & Mutations

You have a pair of horns on your head.
You reflexively headbutt those who attack you in melee.
You tend to lose your temper in combat.
You occasionally shout uncontrollably at your foes.


Message History

Your Axes skill gained 2 levels and is now at level 10!
You have reached level 5!
You have reached level 6!
There is an open door here.
You feel a strong urge to attack something.
You are no longer berserk.
You are exhausted.
You feel yourself slow down.
A neqoxec and Menkaure come into view.
Found 243 gold pieces.
The neqoxec shouts!
Menkaure shouts!
A neqoxec comes into view.
The neqoxec hits you.
The neqoxec moves out of view.
You hit the neqoxec but do no damage. Your punch misses the neqoxec.
Menkaure shouts, "The sands of time shall wipe you from history!"
Menkaure gestures wildly while chanting.
Menkaure seems to speed up.
The neqoxec gestures at you.
Something tries to feed on your intellect!
You hit the neqoxec but do no damage. The neqoxec hits you!
You completely miss the neqoxec. The neqoxec hits you.
You hit the neqoxec. Your headbutt misses the neqoxec.
The neqoxec is lightly wounded.
Menkaure calls on the powers of darkness!
Your body is wracked with pain!
* * * LOW HITPOINT WARNING * * *
The neqoxec gestures at you.
Strange energies course through your body.
You feel the urge to shout.
You closely miss the neqoxec.
The neqoxec is lightly wounded.
The neqoxec closely misses you. The neqoxec hits you!
* * * LOW HITPOINT WARNING * * *
You slash the neqoxec!
The neqoxec is heavily wounded.
The neqoxec misses you.
You barely miss the neqoxec. You headbutt the neqoxec.
The neqoxec is heavily wounded.
The neqoxec hits you.
You die... ## ## ##. .## .. ..
B#B

###
#+###@#
##.##.#3#
+.<.'##M'.
##.###
.#... #+#
##.....
.... ≈≈.
≈§§


You could see a neqoxec and Menkaure (fast).

Vanquished Creatures
  2 neqoxecs (D)
2 creatures vanquished.

Notes
Turn   | Place    | Note
-------+----------+-------------------------------------------
     0 | D        | boopmooplesden the Minotaur Berserker began the quest for
                  | the Orb.
     0 | D        | Reached XP level 1. HP: 19/19 MP: 0/0
     1 | D        | Noticed a boulder beetle
     1 | D        | Noticed a boulder beetle
     4 | D        | Noticed a neqoxec
     4 | D        | Noticed a neqoxec
     8 | D        | Gained mutation: You tend to lose your temper in combat. [a
                  | neqoxec]
    11 | D        | Killed a neqoxec
    12 | D        | Reached XP level 2. HP: 36/36 MP: 1/1
    12 | D        | Reached XP level 3. HP: 41/41 MP: 2/2
    12 | D        | Reached XP level 4. HP: 49/49 MP: 3/3
    17 | D        | Killed a neqoxec
    17 | D        | Reached ** piety under Trog
    18 | D        | Reached skill level 10 in Fighting
    18 | D        | Reached skill level 10 in Axes
    18 | D        | Reached XP level 5. HP: 52/58 MP: 4/4
    18 | D        | Reached XP level 6. HP: 59/66 MP: 5/5
    20 | D        | Noticed a neqoxec
    20 | D        | Noticed Menkaure
    20 | D        | Noticed a neqoxec
    24 | D        | Gained mutation: You occasionally shout uncontrollably at
                  | your foes. [a neqoxec]
    25 | D        | HP: 1/66 [neqoxec (13)]
    27 | D        | Slain by a neqoxec

Illustrated notes

Levels and vault maps discovered:
D:        the_violet_keep_of_menkaure [sprint2_stairs_cluster_1,
          sprint2_shoproom, sprint2_temple, sprint2_basic_supplies,
          sprint2_obstacle_1, sprint2_obstacle_7, sprint2_obstacle_2,
          sprint2_obstacle_5, sprint2_obstacle_6, sprint2_timed_cluster_1,
          sprint2_smallroom_cluster_1, sprint2_smallroom_final_cluster_1,
          sprint2_transparent_cluster_1, sprint2_second_timed_cluster_1,
          sprint2_sniper_area_1, sprint2_heavy_combat_area_1,
          sprint2_mutation_trap_area_1, sprint2_forest_area_1,
          sprint2_light_combat_area_1, sprint2_behind_water_1,
          sprint2_near_end_vault_1]

Skill      XL: |  1  2  3  4 |
---------------+-------------+-----
Fighting       | 8 10 | 10.1
Axes           | 8 10 | 10.1
Armour         | 4 |  4.9
Dodging        | 4 |  4.9

Action                   |  1- 3 |  4- 6 || total
-------------------------+-------+-------++-------
Melee: Hand axe          |     6 |    13 ||    19
       Headbutt          |     1 |     1 ||     2
Invok: Berserk           |     1 |       ||     1
Armor: Animal skin       |       |     1 ||     1
Dodge: Dodged            |     1 |     3 ||     4
